 Dungeon Sprint DCSS version 0.29-a0-409-gd843f3a48c (webtiles) character file.

Game seed: 5564743840518324503

394 mhtbhm the Cleaver (level 6, -2/102 HPs)
             Began as a Naga Berserker on May 15, 2022.
             Was a High Priest of Trog.
             Slain by a sixfirhy (6 damage)
             ... in the Dungeon (Sprint VII: "The Pits").
             The game lasted 00:01:27 (621 turns).

mhtbhm the Cleaver (Naga Berserker)                  Turns: 621, Time: 00:01:28

Health: -2/102     AC: 10    Str: 22    XL:     6   Next: 81%
Magic:  6/6        EV:  7    Int:  7    God:    Trog [*****.]
Gold:   0          SH:  0    Dex: 10    Spells: 5/5 levels left

rFire   . . .      SeeInvis +   a - +1 hand axe (vorpal)
rCold   . . .      Faith    .   (no shield)
rNeg    . . .      Spirit   .   b - +3 chain mail
rPois   +          Reflect  .   (no helmet)
rElec   .          Harm     .   (no cloak)
rCorr   .          Rampage  .   (no gloves)
Will    .....      NoTele   +   (no barding)
Stlth   ..........              (no amulet)
HPRegen 0.27/turn               (no ring)
MPRegen 0.10/turn               (no ring)

@: berserking, quick
A: AC +2, large, see invisible, deformed body, poison resistance, slowness 2,
spit poison 1, naga tail 1
a: Spit Poison, Renounce Religion, Berserk, Trog's Hand, Brothers in Arms


You were in the Dungeon.
You worshipped Trog.
Trog was extremely pleased with you.
You visited 1 branch

Inventory:

Hand Weapons
 a - a +1 vorpal hand axe (weapon)
Missiles
 k - 4 poisoned darts
Armour
 b - a +3 chain mail (worn)
Scrolls
 h - a scroll of blinking
 j - a scroll of summoning
Potions
 c - 6 potions of curing
 d - 6 potions of heal wounds
 e - a potion of haste
 f - 4 potions of magic
 g - 3 potions of berserk rage
 i - 2 potions of invisibility


   Skills:
 + Level 8.3 Fighting
 + Level 9.7 Axes
 + Level 4.1 Armour
 + Level 4.4 Dodging
 + Level 4.0 Stealth


You had 5 spell levels left.
You didn't know any spells.
Your spell library was empty.

Dungeon Overview and Level Annotations

Branches:
Dungeon (1/1)

Altars:


Innate Abilities, Weirdness & Mutations

Your serpentine skin is tough. (AC +2)
You have supernaturally acute eyesight. (SInv)
Armour fits poorly on your strangely shaped body.
Your system is resistant to poisons. (rPois)
You cover ground very slowly.
You can spit poison.
You have a snake-like lower body.


Message History

The sixfirhy hits you. The sixfirhy shocks you!
You miss the sixfirhy. The sixfirhy hits you! The sixfirhy shocks you!
The sixfirhy hits you. The sixfirhy shocks you!
* * * LOW HITPOINT WARNING * * *
You are too injured to fight recklessly!
You are too injured to fight recklessly!
You are too injured to fight recklessly!
You are too injured to fight recklessly!
You are too injured to fight recklessly!
You are too injured to fight recklessly!
You are too injured to fight recklessly!
You are too injured to fight recklessly!
You are too injured to fight recklessly!
You slash the sixfirhy!
The sixfirhy is heavily wounded.
The sixfirhy hits you.
* * * LOW HITPOINT WARNING * * *
The sixfirhy shocks you!
* * * LOW HITPOINT WARNING * * *
You closely miss the sixfirhy.
The sixfirhy is heavily wounded.
You barely miss the sixfirhy.
The sixfirhy is moderately wounded.
You barely miss the sixfirhy.
The sixfirhy is moderately wounded.
You slash the sixfirhy!
The sixfirhy is severely wounded.
The sixfirhy barely misses you.
You barely miss the sixfirhy.
The sixfirhy is severely wounded.
The sixfirhy hits you but does no damage.
The sixfirhy hits you.
* * * LOW HITPOINT WARNING * * *
The sixfirhy shocks you!
* * * LOW HITPOINT WARNING * * *
Unknown command.
You closely miss the sixfirhy.
The sixfirhy is severely wounded.
The sixfirhy hits you.
You die...

#.#...)))[.##.......#
#'###########.......#
#.).)...# #########
#))#)#..# #.##.##.#
#.......#+#
#.##.##.#.+
#..#.#..#3#
#.......'@#
###########


You could see a sixfirhy.

Vanquished Creatures
  A flying skull (D)
  A centaur (D)
  A kobold brigand (D)
  A crimson imp (D)
  An orc wizard (D)
  An ufetubus (D)
  7 orcs (D)
  A bat skeleton (D)
  A giant cockroach (D)
  3 hobgoblins (D)
  A quokka (D)
  2 frilled lizards (D)
  2 kobolds (D)
23 creatures vanquished.

Notes
Turn   | Place    | Note
-------+----------+-------------------------------------------
     0 | D        | mhtbhm the Naga Berserker began the quest for the Orb.
     0 | D        | Reached XP level 1. HP: 21/21 MP: 1/1
    61 | D        | Reached ** piety under Trog
    74 | D        | Reached XP level 2. HP: 16/30 MP: 2/2
   211 | D        | Reached *** piety under Trog
   212 | D        | Reached skill level 4 in Axes
   322 | D        | Noticed a kobold brigand
   323 | D        | Reached **** piety under Trog
   323 | D        | Noticed a crimson imp
   324 | D        | Reached skill level 1 in Stealth
   332 | D        | Killed a kobold brigand
   332 | D        | Noticed a centaur
   333 | D        | Reached skill level 5 in Fighting
   333 | D        | Reached skill level 6 in Axes
   333 | D        | Reached XP level 3. HP: 40/40 MP: 3/3
   333 | D        | Reached XP level 4. HP: 48/48 MP: 4/4
   333 | D        | Reached ***** piety under Trog
   334 | D        | Reached XP level 5. HP: 55/55 MP: 5/5
   337 | D        | Reached skill level 7 in Axes
   338 | D        | Killed a centaur
   339 | D        | Reached skill level 8 in Axes
   340 | D        | Reached XP level 6. HP: 66/66 MP: 6/6
   455 | D        | Noticed a flying skull
   481 | D        | Killed a flying skull
   482 | D        | Reached skill level 9 in Axes
   609 | D        | Noticed a sixfirhy
   620 | D        | HP: 4/102 [sixfirhy (9)]
   621 | D        | Slain by a sixfirhy

Illustrated notes

Levels and vault maps discovered:
D:        pitsprint [storerooms_1, entrance_room_1, metal_vault_2, armoury_2,
          mini_pit_1, grid_room_1, main_hall_1, silver_pit, the_coven_2,
          the_vestibule_1, steel_vault_3, golden_pit, hallway_of_sentries,
          crystal_vault_1, iron_vault_1, final_vault]

Skill      XL: |  1  2  3  4  5  6 |
---------------+-------------------+-----
Armour         | 2 3 4 |  4.1
Dodging        | 2 3 4 |  4.4
Axes           | 6 8 9 |  9.7
Fighting       | 5 6 7 8 |  8.3
Stealth        | 2 3 4 |  4.0

Action                   |  1- 3 |  4- 6 || total
-------------------------+-------+-------++-------
Melee: Hand axe          |    28 |    43 ||    71
Invok: Berserk           |     1 |     2 ||     3
 Abil: Spit Poison       |     2 |       ||     2
 Stab: Sleeping          |     2 |       ||     2
Armor: Animal skin       |     3 |       ||     3
       Chain mail        |     9 |    15 ||    24
Dodge: Dodged            |    14 |    16 ||    30

Table legend: (Time is in decaauts)
 A = Elapsed time spent in this place.
 B = Non-inter-level travel time spent in this place.
 C = Inter-level travel time spent in this place.
 D = Time resting spent in this place.
 E = Time spent auto-exploring this place.
 F = Levels seen in this place.
 G = Mean time per level.
                   A        B        C        D        E       F      G
               +--------+--------+--------+--------+--------+-----+--------+
         Total |    683 |    683 |      0 |    399 |      0 |   1 |  683.0 |
       Dungeon |    683 |    683 |      0 |    399 |      0 |   1 |  683.0 |
               +--------+--------+--------+--------+--------+-----+--------+

Top non-repeatable levels by time:
       D: 683 daAuts
